 Dungeon Crawl Stone Soup version 0.27.1-1-g398f81649c (webtiles) character file.

Game seed: 1515632476062473210

39826 GameOver the Black Sun (level 14, -2/102 HPs)
             Began as a Naga Hedge Wizard on Sept 7, 2021.
             Was a High Priest of Kikubaaqudgha.
             Slain by a six-headed hydra (5 damage)
             ... while petrified by a catoblepas
             ... on level 2 of the Lair of Beasts on Sept 11, 2021.
             The game lasted 01:56:43 (11718 turns).

GameOver the Black Sun (Naga Hedge Wizard)         Turns: 11718, Time: 01:56:44

Health: -2/102     AC: 13    Str: 12    XL:     14   Next: 8%
Magic:  18/26      EV:  1    Int: 19    God:    Kikubaaqudgha [*****.]
Gold:   769        SH:  0    Dex: 12    Spells: 3/30 levels left

rFire    + . .     SeeInvis +   W - +0 dagger (elec)
rCold    x . .     Faith    .   (no shield)
rNeg     + + +     Spirit   .   j - +0 acid dragon scales
rPois    ∞         Reflect  .   c - +0 helmet
rElec    .         Harm     .   x - +2 cloak
rCorr    +         Rampage  .   (no gloves)
Will     +....                  (no barding)
Stlth    ++++......             t - amulet of regeneration
HPRegen  1.27/turn              p - ring of fire
MPRegen  0.20/turn              y - +4 ring of evasion

@: petrified, very slow
A: AC +4, large, see invisible, deformed body, poison resistance, slowness 2,
spit poison 1, naga tail 2
a: Spit Poison, Renounce Religion, Receive Corpses, Torment


You were on level 2 of the Lair of Beasts.
You worshipped Kikubaaqudgha.
Kikubaaqudgha was extremely pleased with you.
You visited 3 branches of the dungeon, and saw 13 of its levels.
You also visited: Bailey.

You collected 769 gold pieces.

Inventory:

Hand Weapons
 f - a +4 long sword
 s - a +2 spear
 w - a +2 dagger of venom
 H - the +7 rapier of the Horn {vorpal, Fly rC- rN+}
   (You found it on level 1 of the Lair of Beasts)

   It inflicts extra damage upon your enemies.
   rC:        It makes you vulnerable to cold.
   rN:        It protects you from negative energy.
   Fly:       It grants you flight.
 W - a +0 dagger of electrocution (weapon)
Missiles
 O - 87 stones (quivered)
Armour
 c - a +0 helmet (worn)
 j - +0 acid dragon scales (worn)
 x - a +2 cloak (worn)
Jewellery
 e - a ring of flight
 k - a ring of ice
 p - a ring of fire (left hand)
 t - an amulet of regeneration (around neck)
 y - a +4 ring of evasion (right hand)
Wands
 h - a wand of flame (15)
 z - a wand of polymorph (5)
 A - a wand of acid (6)
 G - a wand of paralysis (15)
 M - a wand of iceblast (36)
Scrolls
 a - 3 scrolls of magic mapping
 d - 5 scrolls of teleportation
 i - 2 scrolls of enchant weapon {unknown}
 l - 2 scrolls of amnesia
 m - a scroll of acquirement {unknown}
 n - 2 scrolls of fear
 r - a scroll of vulnerability {unknown}
 D - 2 scrolls of blinking
 J - 3 scrolls of fog
 K - a scroll of enchant armour {unknown}
 L - a scroll of brand weapon {unknown}
 Q - a scroll of immolation {unknown}
Potions
 g - 4 potions of might
 o - a potion of invisibility
 q - 4 potions of curing
 u - 2 potions of attraction {unknown}
 v - 8 potions of heal wounds
 B - 2 potions of flight {unknown}
 C - a potion of mutation {unknown}
 E - 2 potions of haste {unknown}
 F - a potion of cancellation {unknown}
 I - 2 potions of magic {unknown}
 N - 2 potions of berserk rage
 P - a potion of degeneration {unknown}
Miscellaneous
 b - a box of beasts


   Skills:
 - Level 10.0 Short Blades
 * Level 4.5 Armour
 - Level 1.5 Dodging
 - Level 9.0 Stealth
 + Level 8.5 Spellcasting
 - Level 6.0 Conjurations
 - Level 1.0 Summonings
 + Level 11.8 Necromancy
 - Level 3.0 Translocations
 - Level 9.0 Fire Magic
 - Level 9.0 Poison Magic


You had 3 spell levels left.
You knew the following spells:

 Your Spells              Type           Power      Damage    Failure   Level
a - Agony                 Necr           52%        N/A       2%          5
b - Blink                 Tloc           N/A        N/A       5%          2
c - Dispel Undead         Necr           52%        3d19      1%          4
d - Mephitic Cloud        Conj/Pois/Air  27%        N/A       4%          3
e - Spider Form           Tmut/Pois      12%        N/A       6%          3
q - Simulacrum            Ice/Necr       15%        N/A       86%         6
s - Sticky Flame          Conj/Fire      53%        2d7       6%          4

Your spell library contained the following spells:

 Spells                   Type           Power      Damage    Failure   Level
 Magic Dart               Conj           100%       1d8       1%          1
 Pain                     Necr           100%       1d9       1%          1
 Corpse Rot               Necr/Air       N/A        N/A       1%          2
 Sublimation of Blood     Necr           26%        N/A       1%          2
 Conjure Flame            Conj/Fire      53%        6-21      1%          3
 Vampiric Draining        Necr           26%        2d9       1%          3
 Static Discharge         Conj/Air       19%        N/A       5%          2
 Gell's Gravitas          Tloc           9%         N/A       11%         3
 Lesser Beckoning         Tloc           9%         N/A       11%         3
 Teleport Other           Tloc           19%        N/A       11%         3
 Beastly Appendage        Tmut           16%        N/A       13%         1
 Corona                   Hex            8%         N/A       13%         1
 Call Imp                 Summ           11%        N/A       13%         2
 Ensorcelled Hibernation  Hex/Ice        16%        N/A       19%         2
 Slow                     Hex            8%         N/A       19%         2
 Wereblood                Tmut           8%         N/A       19%         2
 Frozen Ramparts          Ice            16%        1d3       36%         3
 Tukima's Dance           Hex            8%         N/A       36%         3
 Death Channel            Necr           26%        N/A       14%         6
 Iskenderun's Mystic Bla  Conj/Tloc      25%        2d7       21%         4
 Borgnjor's Vile Clutch   Necr/Erth      15%        N/A       30%         5
 Summon Ice Beast         Ice/Summ       10%        N/A       71%         4
 Manifold Assault         Tloc           19%        N/A       71%         5
 Ice Form                 Ice/Tmut       8%         N/A       77%         4
 Chain Lightning          Conj/Air       9%         3d12      100%        9


Dungeon Overview and Level Annotations

Branches:
Dungeon (9/15)             Temple (1/1) D:6            Lair (3/6) D:9
 Bailey (visited)
  Swamp: Lair:2-4    Shoals: Lair:2-4     Snake: Lair:2-4    Spider: Lair:2-4
    Orc: D:9-12

Altars:
Ashenzari
Cheibriados
Dithmenos
Elyvilon
Fedhas
Gozag
Hepliaklqana
Kikubaaqudgha
Makhleb
Okawaru
Qazlal
Ru
Sif Muna
Trog
Uskayaw
Vehumet
Wu Jian
Xom
Yredelemnul
Zin
The Shining One

Annotations:
Lair:1 1 runed translucent door, exclusion: oklob plant, knorpule3000's ghost, novice SpDe


Innate Abilities, Weirdness & Mutations

Your serpentine skin is tough. (AC +4)
You have supernaturally acute eyesight. (SInv)
Armour fits poorly on your strangely shaped body.
Your system is resistant to poisons. (rPois)
You cover ground very slowly.
You can spit poison.
You can use your snake-like lower body to constrict enemies.


Message History

The six-headed hydra bites you but does no damage. x2
The six-headed hydra bites you.
The six-headed hydra bites you but does no damage.
You climb upwards.
You have turned to stone.
The six-headed hydra bites you but does no damage. x2
The six-headed hydra bites you! The six-headed hydra bites you. x3
The six-headed hydra bites you. x2; The six-headed hydra bites you!
The six-headed hydra bites you. The six-headed hydra bites you!
The six-headed hydra bites you. The six-headed hydra bites you!
The six-headed hydra bites you but does no damage.
The six-headed hydra bites you! The six-headed hydra barely misses you.
The six-headed hydra bites you but does no damage.
The six-headed hydra bites you! The six-headed hydra bites you.
* * * LOW HITPOINT WARNING * * *
The six-headed hydra bites you.
* * * LOW HITPOINT WARNING * * *
The six-headed hydra bites you.
* * * LOW HITPOINT WARNING * * *
The six-headed hydra bites you!
* * * LOW HITPOINT WARNING * * *
The six-headed hydra bites you but does no damage.
The six-headed hydra bites you!
* * * LOW HITPOINT WARNING * * *
The six-headed hydra bites you!
* * * LOW HITPOINT WARNING * * *
The six-headed hydra bites you but does no damage.
The six-headed hydra bites you.
* * * LOW HITPOINT WARNING * * *
The six-headed hydra bites you but does no damage. x2
The six-headed hydra bites you.
* * * LOW HITPOINT WARNING * * *
The six-headed hydra completely misses you.
The six-headed hydra bites you but does no damage.
The six-headed hydra bites you!
* * * LOW HITPOINT WARNING * * *
The six-headed hydra bites you!
You die...
Kikubaaqudgha rasps: "You have failed me!
Welcome... oblivion!"

...#..P#......##
.#.............#
.###..#####....#
.##...## ##...##
.###...# #.##..####
.# #...#######..#.#
.###......#####..####
#.............##..#.#
................@..##
...............D....#
P...........>.....#.#
P.#..............##.#
.###..#.......###.###
.####.##.##..## ###
###....#.#####
##.....### #......###


You could see a six-headed hydra.

Vanquished Creatures
  An orc warlord (Bailey)
  A hydra (Lair:3)
  A catoblepas (Lair:2)
  The ghost of Pizzadoos the Basher, a novice TrBe of Trog (D:8)
  3 death yaks (Lair:2)
  A wolf spider zombie (D:7)
  Pikel (D:8)
  2 cane toads
  2 black mambas (Lair:3)
  Maggie (Lair:1)
  A rime drake (Lair:3)
  2 hellwings (D:7)
  A kobold demonologist (D:8)
  A harpy zombie (D:7)
  Grinder (D:3)
  A meliai zombie (D:7)
  A slime creature (Lair:2)
  4 blink frogs (Lair:2)
  2 shadows (D:9)
  A vampire (D:9)
  A wraith (D:9)
  20 yaks
  A basilisk (Lair:2)
  2 vampire mosquitoes (Lair:3)
  10 water moccasins
  4 orc warriors
  3 sky beasts (D:7)
  A black bear (Lair:1)
  2 necrophages
  2 ogres
  17 wolves
  2 centaurs
  2 phantoms (D:6)
  A lemure (D:8)
  9 kobold brigands
  12 bullfrogs
  3 scorpions
  A water moccasin zombie (D:6)
  15 wights
  An electric eel (D:8)
  A bullfrog zombie (D:6)
  6 centaur zombies
  6 hounds
  13 jellies
  3 orc priests
  4 centaur skeletons
  A gnoll shaman (D:8)
  A bullfrog skeleton (D:4)
  2 iguanas
  2 orc wizards
  A scorpion zombie (D:3)
  A hound zombie (D:3)
  2 howler monkey zombies
  Robin (D:4)
  8 gnolls
  7 adders
  5 shadow imps
  A white imp (D:6)
  2 adder skeletons
  4 dart slugs
  30 orcs
  10 bats
  15 endoplasms
  4 giant cockroaches
  32 goblins
  6 hobgoblins
  6 jackals
  4 quokkas
  7 ball pythons
  2 frilled lizards (D:3)
  30 kobolds
  6 rats
361 creatures vanquished.

Vanquished Creatures (collateral kills)
  A kobold brigand (D:8)
1 creature vanquished.

Vanquished Creatures (others)
  10 fungi
  15 plants
  8 withered plants (D:7)
33 creatures vanquished.

Grand Total: 395 creatures vanquished

Notes
Turn   | Place    | Note
-------+----------+-------------------------------------------
     0 | D:1      | GameOver the Naga Hedge Wizard began the quest for the Orb.
     0 | D:1      | Reached XP level 1. HP: 15/15 MP: 4/4
    25 | D:1      | Found a faded altar of an unknown god.
   179 | D:1      | Reached XP level 2. HP: 17/22 MP: 6/6
   635 | D:2      | Reached XP level 3. HP: 27/28 MP: 4/7
   638 | D:2      | Learned a level 2 spell: Blink
   642 | D:2      | Learned a level 3 spell: Mephitic Cloud
   645 | D:2      | Learned a level 2 spell: Slow
  1043 | D:3      | Reached XP level 4. HP: 36/36 MP: 0/8
  1506 | D:3      | Reached XP level 5. HP: 19/42 MP: 0/9
  1612 | D:3      | Noticed Grinder
  1741 | D:3      | Reached skill level 5 in Conjurations
  1814 | D:3      | Noticed a water moccasin
  1904 | D:4      | Noticed Robin
  1963 | D:4      | Killed Robin
  2135 | D:4      | Reached XP level 6. HP: 41/49 MP: 4/10
  2275 | D:4      | Reached skill level 1 in Poison Magic
  2775 | D:5      | Entered Level 5 of the Dungeon
  2976 | D:5      | Reached XP level 7. HP: 47/55 MP: 9/11
  3200 | D:5      | Reached skill level 5 in Poison Magic
  3305 | D:5      | Reached skill level 5 in Stealth
  3315 | D:5      | Learned a level 4 spell: Sticky Flame
  3446 | D:5      | Reached XP level 8. HP: 62/62 MP: 8/12
  3551 | D:6      | Found a staircase to the Ecumenical Temple.
  3561 | Temple   | Entered the Ecumenical Temple
  3576 | Temple   | Became a worshipper of Kikubaaqudgha
  3801 | D:6      | Reached skill level 1 in Fire Magic
  3914 | D:6      | Found a shimmering blue altar of Sif Muna.
  3917 | D:6      | Found a radiant altar of Vehumet.
  3922 | D:6      | Found a bloodstained altar of Trog.
  3975 | D:6      | Found a broken altar of Ashenzari.
  4659 | D:6      | Reached * piety under Kikubaaqudgha
  4659 | D:6      | Received a gift from Kikubaaqudgha
  4809 | D:6      | Reached XP level 9. HP: 68/68 MP: 1/13
  5088 | D:6      | Found an ornate altar of the Wu Jian Council.
  5089 | D:6      | Found a sacrificial altar of Ru.
  5090 | D:6      | Found a glowing golden altar of the Shining One.
  5091 | D:6      | Found a white marble altar of Elyvilon.
  5723 | D:3      | Killed Grinder
  6080 | D:7      | Reached skill level 5 in Fire Magic
  6249 | D:7      | Reached skill level 1 in Short Blades
  6287 | D:7      | Reached XP level 10. HP: 75/75 MP: 1/17
  6507 | D:7      | Reached ** piety under Kikubaaqudgha
  6594 | D:7      | Reached skill level 5 in Spellcasting
  7094 | D:8      | Noticed Pikel
  7103 | D:8      | Killed Pikel
  7104 | D:8      | Reached skill level 1 in Necromancy
  7253 | D:8      | Found a flagged portal.
  7258 | Bailey   | Entered a bailey
  7276 | Bailey   | Noticed an orc warlord
  7356 | Bailey   | Reached *** piety under Kikubaaqudgha
  7356 | Bailey   | Received a gift from Kikubaaqudgha
  7357 | Bailey   | Reached skill level 5 in Short Blades
  7357 | Bailey   | Reached skill level 2 in Necromancy
  7357 | Bailey   | Reached XP level 11. HP: 77/79 MP: 16/20
  7405 | Bailey   | Found a runed translucent gate.
  7407 | Bailey   | Found a runed translucent gate.
  7408 | Bailey   | Found a runed translucent gate.
  7599 | Bailey   | Killed an orc warlord
  7600 | Bailey   | Reached skill level 4 in Necromancy
  7624 | Bailey   | Reached skill level 8 in Necromancy
  7624 | Bailey   | Reached XP level 12. HP: 84/88 MP: 6/21
  7630 | Bailey   | Learned a level 4 spell: Dispel Undead
  7630 | Bailey   | Reached skill level 10 in Necromancy
  7630 | Bailey   | Gained mutation: You can use your snake-like lower body to
                  | constrict enemies. [Naga growth]
  7630 | Bailey   | Reached XP level 13. HP: 94/94 MP: 7/23
  7757 | D:8      | Found a runed translucent gate.
  7757 | D:8      | Found a runed translucent gate.
  7757 | D:8      | Found a runed translucent gate.
  7757 | D:8      | Noticed Pizzadoos's ghost (novice TrBe)
  8314 | D:8      | Killed Pizzadoos's ghost
  8352 | D:8      | Got the Tome of Fire and Confrontation
  8502 | D:9      | Reached **** piety under Kikubaaqudgha
  8645 | D:9      | Reached skill level 11 in Necromancy
  8648 | D:9      | Found a staircase to the Lair.
  9082 | Lair:1   | Entered Level 1 of the Lair of Beasts
  9092 | Lair:1   | Learned a level 5 spell: Agony
  9098 | Lair:1   | Noticed Maggie
  9182 | Lair:1   | Killed Maggie
  9251 | Lair:1   | Learned a level 6 spell: Simulacrum
  9302 | Lair:1   | Identified the +7 rapier of the Horn {vorpal, Fly rC- rN+}
  9378 | Lair:1   | Found a runed translucent door.
  9378 | Lair:1   | Found a shimmering altar of Xom.
  9378 | Lair:1   | Noticed knorpule3000's ghost (novice SpDe)
  9398 | Lair:1   | Learned a level 3 spell: Spider Form
  9432 | Lair:1   | Reached skill level 1 in Armour
 10334 | Lair:2   | Reached ***** piety under Kikubaaqudgha
 10422 | Lair:2   | Reached skill level 10 in Short Blades
 11512 | Lair:3   | Reached XP level 14. HP: 39/102 MP: 3/26
 11718 | Lair:2   | HP: 3/102 [six-headed hydra (6)]
 11718 | Lair:2   | Slain by a six-headed hydra

Illustrated notes

Levels and vault maps discovered:
D:1:      sevenhm_arrival_forest_fort_small_4, layout_basic,
          basic_ecumenical_altar, minmay_misc_feat_plants
D:2:      layout_rooms
D:3:      minmay_bubble_buster, layout_basic, minmay_unequal, uniq_grinder
D:4:      layout_basic, uniq_robin
D:5:      layout_cave_pods
D:6:      cheibrodos_barr_body, layout_loops_corners,
          grunt_temple_overflow_diamond, evilmike_ruin_ashenzari,
          mainiacjoe_overflow_alcove_3, minmay_temple_entry_sparse_star,
          corexii_checkpoint_a, minmay_ogre_servants
D:7:      cheibrodos_grave_circle, layout_rooms
D:8:      layout_loops_ring, enter_bailey_3, gammafunk_ghost_nasty_kobolds,
          serial_bayou, serial_bayou_pond_e, serial_bayou_ford_a,
          serial_bayou_pond_d, serial_bayou_pond_a, uniq_pikel
D:9:      layout_roguey, lair_entry_dummy
Temple:   cyrus_circular_temple
Lair:1:   layout_regular_city, ebering_ghost_xom,
          chequers_serial_rivers_small_a, infiniplex_staircase_pool,
          grunt_megastairs_5, minmay_lair_oklob_chamber, uniq_maggie
Lair:2:   lemuel_slime, layout_cave_pods, beast_lair_carwin_11,
          serial_bayou_shore_a, grunt_megastairs_3
Lair:3:   layout_hall_layers, minmay_swamp_entry_swarm,
          nicolae_spider_entry_tight_spaces, grunt_megastairs_2

Skill      XL: |  1  2  3  4  5  6  7  8  9 10 11 12 13 |
---------------+----------------------------------------+-----
Conjurations   | 2 3 4 5 6 |  6.0
Poison Magic   | 3 5 8 9 |  9.0
Translocations | 2 3 |  3.0
Stealth        | 5 7 9 |  9.0
Fire Magic     | 3 6 9 |  9.0
Spellcasting   | 4 6 7 8 |  8.5
Short Blades   | 2 5 7 8 10 | 10.0
Necromancy     | 2 8 10 11 | 11.8
Armour         | 4 |  4.5
Dodging        | |  1.5
Summonings     | |  1.0

Action                   |  1- 3 |  4- 6 |  7- 9 | 10-12 | 13-15 || total
-------------------------+-------+-------+-------+-------+-------++-------
Melee: Dagger            |     3 |    26 |   125 |    80 |   375 ||   609
       Rapier            |       |    21 |       |       |       ||    21
       Constrict         |       |       |       |       |    54 ||    54
Throw: Stone             |       |       |       |       |    13 ||    13
 Cast: Magic Dart        |    48 |    88 |   111 |    34 |       ||   281
       Mephitic Cloud    |       |     6 |     3 |     8 |    34 ||    51
       Blink             |       |     1 |     1 |     5 |     1 ||     8
       Sticky Flame      |       |       |    18 |    24 |    20 ||    62
       Dispel Undead     |       |       |       |       |    19 ||    19
       Agony             |       |       |       |       |    14 ||    14
 Abil: Spit Poison       |    35 |    59 |    51 |    30 |    71 ||   246
Evoke: Wand              |       |     2 |       |     4 |       ||     6
  Use: Scroll            |     1 |       |     4 |     5 |     8 ||    18
       Potion            |       |       |       |     3 |     5 ||     8
 Stab: Confused          |       |     7 |       |     1 |    23 ||    31
       Sleeping          |       |     1 |     2 |     1 |     7 ||    11
       Invisible         |       |       |       |       |     1 ||     1
       Petrified         |       |       |       |       |     1 ||     1
Armor: Robe              |     7 |    23 |   118 |    65 |    20 ||   233
       Acid dragon scale |       |       |       |       |    65 ||    65
Dodge: Dodged            |    11 |    52 |   148 |    86 |   133 ||   430
